 Dungeon Crawl Stone Soup version 0.22.0-75-g3901e79 (webtiles) character file.

3922 inc the Fighter (level 10, -4/119 HPs)
             Began as an Ogre Gladiator on Sept 12, 2018.
             Was a Follower of Wu Jian.
             Slain by a killer bee (7 damage)
             ... on level 8 of the Dungeon.
             The game lasted 00:17:23 (13697 turns).

inc the Fighter (Ogre Gladiator)                   Turns: 13697, Time: 00:17:23

Health: -4/119     AC:  5    Str: 22    XL:     10   Next: 20%
Magic:  10/10      EV: 10    Int: 10    God:    Wu Jian [*.....]
Gold:   61         SH:  0    Dex: 10    Spells: 9/9 levels left

rFire    + . .     SeeInvis .   y - +0 giant club
rCold    + . .     Gourm    .   (shield currently unavailable)
rNeg     . . .     Faith    .   b - +0 robe
rPois    .         Spirit   .   E - +2 hat
rElec    .         Reflect  .   p - scarf {rC+ rF+}
rCorr    .         Harm     .   (gloves unavailable)
MR       +....                  (boots unavailable)
Stlth    +.........             (no amulet)
HPRegen  0.29/turn              (no ring)
MPRegen  0.12/turn              (no ring)

@: lethally poisoned (-4 -> -9)
A: large, unfitting armour, tough skin 1
a: Renounce Religion


You were on level 8 of the Dungeon.
You worshipped Wu Jian.
Wu Jian was aware of your devotion.
You were not hungry.

You visited 2 branches of the dungeon, and saw 9 of its levels.

You collected 428 gold pieces.
You spent 367 gold pieces at shops.

Inventory:

Hand Weapons
 a - a +0 flail
 j - a +0 mace of protection
 y - a +0 giant club (weapon)
Missiles
 d - 3 throwing nets (quivered)
Armour
 b - a +0 robe (worn)
 c - a +0 hat
 p - a scarf of resistance (worn)
 E - a +2 hat (worn)
Jewellery
 q - an uncursed ring of teleportation
 w - an uncursed ring of fire
Wands
 u - a wand of paralysis (11)
 v - a wand of digging (13)
Scrolls
 g - 8 scrolls of identify
 h - a scroll of immolation {unknown}
 i - 4 scrolls of fog
 l - 2 scrolls of remove curse
 o - 7 scrolls of magic mapping
 A - 2 scrolls of teleportation
 C - 2 scrolls of amnesia
 F - a scroll of vulnerability {unknown}
 G - a scroll of noise {unknown}
Potions
 k - 2 potions of brilliance
 n - a potion of flight
 r - a potion of lignification
 t - a potion of haste
Comestibles
 f - 14 rations


   Skills:
 + Level 13.0 Fighting
 + Level 9.8 Maces & Flails
 - Level 2.0 Throwing
 - Level 2.6 Dodging


You had 9 spell levels left.
You didn't know any spells.
Your spell library was empty.

Dungeon Overview and Level Annotations

Branches:
Dungeon (8/15)             Temple (1/1) D:6            Lair (0/6) D:8

Altars:
Ashenzari
Cheibriados
Dithmenos
Elyvilon
Fedhas
Gozag
Hepliaklqana
Kikubaaqudgha
Makhleb
Nemelex Xobeh
Okawaru
Qazlal
Ru
Sif Muna
Trog
Uskayaw
Vehumet
Wu Jian
Xom
Yredelemnul
Zin

Shops:
D:5 !   D:7 ?


Innate Abilities, Weirdness & Mutations

You are too large for most types of armour.
You have tough skin. (AC +1)


Message History

The killer bee closely misses you.
Unknown command.
You feel better. The killer bee stings you.
* * * LOW HITPOINT WARNING * * *
You are poisoned.
The killer bee poisons you! The killer bee stings you!
* * * LOW HITPOINT WARNING * * *
Unknown command.
You closely miss the killer bee.
The killer bee is almost dead.
You feel sick. The killer bee barely misses you. The killer bee stings you.
* * * LOW HITPOINT WARNING * * *
You are lethally poisoned!
The killer bee poisons you!
Unknown command.
You closely miss the killer bee.
The killer bee is almost dead.
* * * LOW HITPOINT WARNING * * *
You feel sick. The killer bee stings you!
You die...

#.......# y .......#
.. #......# ...
#......# #...##
###.....# #...#
###......##
##...##.........#
##..............##
##........y@###..#
##........#####...#
##.........# #...##
#..........####....##
............##......##
............#........#
.###...###.#........#
##.....##.........##
...
#...))..#.........#


You could see a killer bee.

Vanquished Creatures
  Sigmund (D:2)
  A human (D:7)
  3 hogs (D:7)
  A yak (D:7)
  A warg (D:8)
  A water moccasin (D:7)
  Duvessa (D:6)
  2 orc warriors
  An ice beast (D:5)
  A necrophage (D:5)
  2 sky beasts
  3 ogres
  A phantom (D:7)
  3 centaurs
  A bullfrog (D:7)
  A gnoll sergeant (D:6)
  Dowan (Temple)
  4 killer bees (D:8)
  A howler monkey (D:5)
  2 jellies
  3 crimson imps
  4 hounds
  A centaur skeleton (D:4)
  5 orc priests
  Crazy Yiuf (D:2)
  5 orc wizards
  Jessica (D:3)
  Ijyb (D:3)
  3 iguanas
  6 worker ants
  A hound zombie (D:8)
  2 hound skeletons
  Robin (D:3)
  3 gnolls (D:6)
  10 adders
  A shadow imp (D:5)
  2 oozes (D:3)
  2 worms
  2 dart slugs
  2 leopard geckos
  24 orcs
  6 bats
  6 giant cockroaches
  21 goblins
  13 hobgoblins
  11 jackals
  2 quokkas (D:2)
  3 ball pythons
  A jackal skeleton (D:4)
  3 kobolds
  2 leopard gecko skeletons
  A quokka zombie (D:5)
  8 rats
  A fungus (D:2)
190 creatures vanquished.

Vanquished Creatures (others)
  A goblin (D:3)
1 creature vanquished.

Grand Total: 191 creatures vanquished

Notes
Turn   | Place    | Note
-------+----------+-------------------------------------------
     0 | D:1      | inc the Ogre Gladiator began the quest for the Orb.
     0 | D:1      | Reached XP level 1. HP: 22/22 MP: 1/1
   186 | D:1      | Reached skill level 3 in Fighting
   528 | D:1      | Reached XP level 2. HP: 16/31 MP: 2/2
  1197 | D:2      | Reached XP level 3. HP: 36/39 MP: 3/3
  1234 | D:2      | Reached skill level 4 in Fighting
  1380 | D:2      | Noticed Sigmund
  1521 | D:3      | Noticed Robin
  1902 | D:2      | Reached XP level 4. HP: 46/49 MP: 4/4
  2032 | D:2      | Killed Sigmund
  2032 | D:2      | Reached skill level 5 in Fighting
  2032 | D:2      | Reached XP level 5. HP: 13/59 MP: 5/5
  2300 | D:2      | Reached XP level 6. HP: 50/67 MP: 6/6
  2301 | D:2      | Reached skill level 6 in Fighting
  3282 | D:2      | Found a runed door.
  3286 | D:2      | Noticed Crazy Yiuf
  3290 | D:2      | Killed Crazy Yiuf
  3539 | D:3      | Found a shadowy altar of Dithmenos.
  3544 | D:3      | Noticed Jessica
  3571 | D:3      | Noticed Ijyb
  3889 | D:4      | Reached skill level 5 in Maces & Flails
  4210 | D:5      | Entered Level 5 of the Dungeon
  4318 | D:5      | Found a sacrificial altar of Ru.
  4365 | D:5      | Noticed an ice beast
  4383 | D:5      | Killed an ice beast
  4383 | D:5      | Reached skill level 7 in Fighting
  4383 | D:5      | Reached XP level 7. HP: 64/78 MP: 7/7
  5153 | D:3      | Killed Ijyb
  5206 | D:3      | Killed Robin
  5489 | D:3      | Killed Jessica
  5743 | D:5      | Found a blossoming altar of Fedhas.
  6114 | D:5      | Reached skill level 8 in Fighting
  6139 | D:5      | Reached XP level 8. HP: 67/88 MP: 8/8
  6332 | D:5      | Found Goevisea's Distillery.
  6337 | D:5      | Bought a potion of haste for 130 gold pieces
  6337 | D:5      | Bought a potion of might for 52 gold pieces
  6337 | D:5      | Bought a potion of heal wounds for 65 gold pieces
  6881 | D:5      | Reached skill level 9 in Fighting
  7482 | D:6      | Noticed Dowan
  7545 | D:6      | Noticed Duvessa
  7567 | D:6      | Killed Duvessa
  7575 | D:6      | Found a staircase to the Ecumenical Temple.
  7580 | Temple   | Entered the Ecumenical Temple
  8004 | Temple   | Killed Dowan
  8226 | Temple   | Became a worshipper of the Wu Jian Council
  8439 | D:6      | Reached skill level 10 in Fighting
  8445 | D:6      | Found a radiant altar of Vehumet.
  8550 | D:6      | Reached XP level 9. HP: 56/102 MP: 9/9
  9317 | D:6      | Found a hazy altar of Hepliaklqana.
  9714 | D:7      | Found a snail-covered altar of Cheibriados.
  9749 | D:7      | Found a burning altar of Makhleb.
  9786 | D:7      | Reached skill level 11 in Fighting
  9800 | D:7      | Reached * piety under Wu Jian
 10212 | D:7      | Found Zigokeel's Magic Scroll Emporium.
 10215 | D:7      | Bought a scroll of teleportation for 36 gold pieces
 10215 | D:7      | Bought a scroll of fear for 42 gold pieces
 10215 | D:7      | Bought a scroll of magic mapping for 42 gold pieces
 10901 | D:8      | Reached skill level 12 in Fighting
 11212 | D:8      | Found an iron altar of Okawaru.
 11214 | D:8      | Noticed a troll
 11720 | D:8      | Found a staircase to the Lair.
 12484 | D:7      | Reached XP level 10. HP: 22/117 MP: 10/10
 13278 | D:8      | Reached skill level 13 in Fighting
 13696 | D:8      | HP: 5/119 [poisoned by a killer bee]
 13697 | D:8      | Slain by a killer bee

Skill      XL: |  1  2  3  4  5  6  7  8  9 10 |
---------------+-------------------------------+-----
Fighting       | 3 4 5 7 8 10 12 13 | 13.0
Maces & Flails | 3 4 5 6 7 9 |  9.8
Throwing       | |  2.0
Dodging        | |  2.6

Action                   |  1- 3 |  4- 6 |  7- 9 | 10-12 || total
-------------------------+-------+-------+-------+-------++-------
Melee: Flail             |   124 |    68 |       |       ||   192
       Mace              |       |   127 |   318 |       ||   445
       Giant club        |       |       |   144 |    75 ||   219
Invok: Lunge             |       |       |    11 |     5 ||    16
       Whirlwind         |       |       |    17 |     2 ||    19
  Use: Scroll            |     3 |     2 |    12 |       ||    17
       Potion            |       |     1 |    10 |     2 ||    13
 Stab: Sleeping          |     3 |       |       |       ||     3
  Eat: Chunk             |     2 |     8 |    11 |     3 ||    24
       Ration            |       |       |     5 |       ||     5
Armor: Robe              |    38 |    77 |   192 |    19 ||   326
Dodge: Dodged            |    73 |   118 |   253 |    40 ||   484
